cohdb
Replays
Latest Replays
All Replays
Popular Replays
Top Player Replays
Match Explorer
How It Works
Community
CoH3 Stats
Reddit
Sign in to upload your games and track your stats! →
Sign in with Steam
Match 40701366
Unlisted
Match 40701366
Overview
Messages
Build Orders
End
Construct Section Command Post
Royal Engineer Section
Selects Canadian Shock Battlegroup
Dingo Light Scout Car
Infantry Section
Infantry Section
Grenade Package
Construct Platoon Command Post
Selects Attacking Spirit
Selects Canadian Shock Section
Selects Incendiary Munitions
Humber Armored Car
Construct Field Infirmary
Canadian Shock Section
Selects Pyrotechnics
Infantry Training
Canadian Shock Section
Construct Company Command Post
Foot Guards Section
Matilda II Heavy Tank
Bootyquake
76561198046408390
0
0
Comments
sign in to comment!
No comments posted yet!